 Dungeon Crawl Stone Soup version 0.29-a0-322-g68df515428 (webtiles) character file.

Game seed: 4397162327619646136

47 kae the Firebug (level 3, 0/20 HPs)
             Began as a Tengu Fire Elementalist on Apr 7, 2022.
             Succumbed to an adder's poison
             ... on level 2 of the Dungeon.
             The game lasted 00:00:45 (1327 turns).

kae the Firebug (Tengu Fire Elementalist)           Turns: 1327, Time: 00:00:45

Health: 0/20       AC:  5    Str:  8    XL:     3   Next: 70%
Magic:  2/7        EV: 12    Int: 17    God:
Gold:   69         SH:  0    Dex: 14    Spells: 0/6 levels left

rFire   . . .      SeeInvis .   (no weapon)
rCold   . . .      Faith    .   (no shield)
rNeg    . . .      Spirit   .   f - +2 leather armour {Will+}
rPois   .          Reflect  .   (helmet restricted)
rElec   .          Harm     .   (no cloak)
rCorr   .          Rampage  .   (no gloves)
Will    +....                   (boots unavailable)
Stlth   ++........              (no amulet)
HPRegen 0.06/turn               (no ring)
MPRegen 0.10/turn               (no ring)

@: lethally poisoned (0 -> -9), attractive
A: beak, talons 3
a: no special abilities


You were on level 2 of the Dungeon.
You visited 1 branch of the dungeon, and saw 2 of its levels.

You collected 69 gold pieces.

Inventory:

Armour
 a - a +1 robe
 f - a +2 leather armour of willpower (worn)
Jewellery
 n - an amulet of guardian spirit
Potions
 b - a potion of magic
 d - a potion of mutation
 e - a potion of curing {unknown}
 h - a potion of resistance {unknown}
 j - 2 potions of brilliance {unknown}
 k - a potion of cancellation {unknown}


   Skills:
 + Level 0.8 Fighting
 + Level 1.0 Armour
 + Level 2.5 Dodging
 - Level 2.0 Stealth
 + Level 2.2 Spellcasting
 + Level 2.0 Conjurations
 * Level 4.1 Fire Magic


You couldn't memorise any spells.
You knew the following spells:

 Your Spells              Type           Power      Damage    Failure   Level
a - Foxfire               Conj/Fire      48%        2x1d6     8%          1
b - Scorch                Fire           30%        2d7       8%          2
c - Conjure Flame         Conj/Fire      12%        6-21      22%         3

Your spell library contained the following spells:

 Spells                   Type           Power      Damage    Failure   Level
 Inner Flame              Hex/Fire       8%         N/A       34%         3
 Flame Wave               Conj/Fire      12%        2d6       58%         4


Dungeon Overview and Level Annotations

Branches:
Dungeon (2/15)

Altars:


Innate Abilities, Weirdness & Mutations

You have a beak for a mouth.
You have claws for feet.


Message History

The adder is heavily wounded.
The adder bites you but does no damage. x2
Casting: Foxfire (safe; 8% risk of failure)
Confirm with . or Enter, or press ? or * to list all spells.
You conjure some foxfire!
You feel sick. The adder closely misses you. The adder bites you.
You are more poisoned.
The adder poisons you!
You feel very sick.
The foxfire hits the adder.
You kill the adder!
The foxfire hits the adder but does no damage.
The adder bites you but does no damage. x2
Your Armour skill increases to level 1!
Your Conjurations skill increases to level 2!
Casting: Foxfire (safe; 8% risk of failure)
Confirm with . or Enter, or press ? or * to list all spells.
You conjure some foxfire!
You feel sick. The adder barely misses you.
You feel sick.
The foxfire hits the adder.
The adder is lightly wounded.
The foxfire hits the adder but does no damage.
The adder is lightly wounded.
The adder bites you.
You are lethally poisoned!
The adder poisons you!
Casting: Foxfire (safe; 8% risk of failure)
Confirm with . or Enter, or press ? or * to list all spells.
You conjure some foxfire!
* * * LOW HITPOINT WARNING * * *
You feel very sick. The adder misses you.
* * * LOW HITPOINT WARNING * * *
You feel sick.
The foxfire hits the adder.
The adder is moderately wounded.
The foxfire hits the adder.
The adder is severely wounded.
The adder barely misses you. The adder closely misses you.
It was a potion of attraction.
You feel attractive to monsters.
You die...

#........<..####.......
#.....#...........####.
#........##.#####.##...
##.>....###.# #.##.#.
#.##...###.# #......
#..........# #......
####...##### ####.#.
#.§§# .#.. #.@§# †# ##
#S†.# .! ....... ..
........... ...
#................
###.#...#.##..
#.#...#.# . #.#...#.#


You could see an adder.

Vanquished Creatures
  2 adders (D:2)
  2 bats (D:1)
  3 endoplasms (D:1)
  2 giant cockroaches (D:1)
  2 goblins (D:1)
  3 hobgoblins
  4 jackals (D:1)
  2 kobolds (D:1)
  2 quokkas (D:1)
  2 ball pythons (D:1)
  A rat (D:1)
25 creatures vanquished.

Vanquished Creatures (others)
  89 foxfires
89 creatures vanquished.

Grand Total: 114 creatures vanquished

Notes
Turn   | Place    | Note
-------+----------+-------------------------------------------
     0 | D:1      | kae the Tengu Fire Elementalist began the quest for the
                  | Orb.
     0 | D:1      | Reached XP level 1. HP: 10/10 MP: 4/4
   241 | D:1      | Reached XP level 2. HP: 15/15 MP: 3/6
   601 | D:1      | Found a faded altar of an unknown god.
   880 | D:1      | Reached XP level 3. HP: 20/20 MP: 5/7
   883 | D:1      | Learned a level 2 spell: Scorch
   887 | D:1      | Learned a level 3 spell: Conjure Flame
  1319 | D:2      | Reached skill level 4 in Fire Magic
  1323 | D:2      | Reached skill level 1 in Armour
  1327 | D:2      | Succumbed to an adder's poison

Illustrated notes

Levels and vault maps discovered:
D:1:      dpeg_arrival_shrine, layout_basic, shapermc_ecumenical_altar_pompeii,
          feat_on_display
D:2:      layout_loops_cross

Skill      XL: |  1  2  3 |
---------------+----------+-----
Fire Magic     | 4 |  4.1
Armour         | 1 |  1.0
Conjurations   | 2 |  2.0
Fighting       | |  0.8
Dodging        | |  2.5
Stealth        | |  2.0
Spellcasting   | |  2.2

Action                   || total
-------------------------++-------
Melee: Unarmed           ||    18
       Kick              ||     5
       Peck              ||     3
 Cast: Foxfire           ||    52
  Use: Scroll            ||     6
       Potion            ||     1
 Stab: Sleeping          ||     1
Armor: Robe              ||     9
       Leather armour    ||     5
Dodge: Dodged            ||    26

Table legend: (Time is in decaauts)
 A = Elapsed time spent in this place.
 B = Non-inter-level travel time spent in this place.
 C = Inter-level travel time spent in this place.
 D = Time resting spent in this place.
 E = Time spent auto-exploring this place.
 F = Levels seen in this place.
 G = Mean time per level.
                   A        B        C        D        E       F      G
               +--------+--------+--------+--------+--------+-----+--------+
         Total |   1327 |   1310 |     17 |      3 |   1069 |   2 |  663.5 |
       Dungeon |   1327 |   1310 |     17 |      3 |   1069 |   2 |  663.5 |
               +--------+--------+--------+--------+--------+-----+--------+

Top non-repeatable levels by time:
     D:1: 1218 daAuts
     D:2: 108 daAuts
